 Dungeon Crawl Stone Soup version 0.30.1-11-g7821555f0a (webtiles) character file.

Game seed: 2177663482717889878

247147 octoduck the Severer (level 19, -2/163 (179) HPs)
             Began as a Hill Orc Monk on Dec 4, 2023.
             Was an Elder of Zin.
             Succumbed to a tengu reaver's bolt of poison
             ... on level 2 of the Depths on Dec 14, 2023.
             The game lasted 03:33:39 (57711 turns).

octoduck the Severer (Hill Orc Monk)               Turns: 57711, Time: 03:33:41

HP:   -2/163 (179)  AC: 41    Str: 23    XL:     19   Next: 98%
MP:   31/31         EV: 11    Int: 10    God:    Zin [****..]
Gold: 1647          SH: 20    Dex: 13    Spells: 18/18 levels left

rFire   + . .        F - +16 consecrated labrys {holy, Valiant Fragile Fly SInv}
rCold   . . .        U - +2 kite shield
rNeg    . . .        h - +9 plate armour "New Mosm" {rElec Stlth+}
rPois   .            W - +2 helmet {SInv}
rElec   +            K - +2 cloak
rCorr   .            V - +2 pair of gloves "Emogg" {Will++ Str-5}
SInv    +            R - +2 pair of boots {rampage}
Will    +++..        X - amulet of reflection Stlth
                     w - +6 ring of strength
HPRegen 0.47/turn    L - ring of protection from fire
MPRegen 0.22/turn

%: reflection, rampage
@: lethally poisoned (-2 -> -21), flying, studying Ranged Weapons, drained
A: no striking features
}: 1/15 runes: decaying
a: Renounce Religion, Recite, Vitalisation, Imprison, Donate Gold


You were on level 2 of the Depths.
You worshipped Zin.
Zin was greatly pleased with you.
You visited 8 branches of the dungeon, and saw 34 of its levels.
You also visited: Ossuary.

You collected 3783 gold pieces.
You spent 1861 gold pieces at shops.
You donated 275 gold pieces to Zin.

Inventory:

Hand Weapons
 a - a +4 battleaxe
 b - a +1 sling of flaming
 k - a +3 dire flail of freezing
 F - the +16 consecrated labrys (weapon) {holy, Valiant Fragile Fly SInv}
   (You took it off a deep elf zephyrmancer on level 1 of the Elven Halls)

   Valiant:   It becomes more powerful as more dangerous foes come into view.
   SInv:      It lets you see invisible.
   Fly:       It grants you flight.
   Fragile:   It will be destroyed if unequipped.
Missiles
 l - 13 atropa-tipped darts
 O - 2 curare-tipped darts (quivered)
Armour
 h - the +9 plate armour "New Mosm" (worn) {rElec Stlth+}
   (You found it on level 14 of the Dungeon)

   rElec:     It insulates you from electricity.
   Stlth:     It makes you more stealthy.
 A - a +0 crystal plate armour
 K - a +2 cloak (worn)
 R - a +2 pair of boots of rampaging (worn)
 U - a +2 kite shield (worn)
 V - the +2 pair of gloves "Emogg" (worn) {Will++ Str-5}
   (You found it on level 1 of the Snake Pit)

   Str:       It affects your strength (-5).
   Will:      It greatly increases your willpower.
 W - a +2 helmet of see invisible (worn)
Jewellery
 f - an amulet of faith
 i - a ring of positive energy
 q - a ring of willpower
 w - a +6 ring of strength (left hand)
 J - a ring of protection from cold
 L - a ring of protection from fire (right hand)
 T - a ring of protection from fire
 X - an amulet of reflection (around neck)
Wands
 u - a wand of charming (15)
 E - a wand of digging (18)
 H - a wand of flame (27)
 Q - a wand of quicksilver (9)
 Z - a wand of mindburst (9)
Scrolls
 c - 12 scrolls of teleportation
 e - 8 scrolls of fear
 n - 2 scrolls of enchant weapon
 o - 2 scrolls of brand weapon
 r - 2 scrolls of vulnerability
 x - 6 scrolls of fog
 y - 3 scrolls of silence
 G - a scroll of identify
 I - 3 scrolls of blinking
 N - 7 scrolls of enchant armour
 P - 2 scrolls of amnesia
Potions
 d - 4 potions of heal wounds
 g - a potion of cancellation
 j - 5 potions of brilliance
 p - a potion of resistance
 s - 3 potions of magic
 t - 6 potions of ambrosia
 v - 5 potions of invisibility
 z - 3 potions of flight
 C - 11 potions of curing
 D - a potion of berserk rage
 S - 4 potions of haste
 Y - 2 potions of might
Miscellaneous
 m - a phantom mirror (inert)
 B - a phial of floods
 M - a lightning rod (2/4)


   Skills:
 - Level 18.2 Fighting
 - Level 20.0 Axes
 - Level 11.9 Ranged Weapons
 - Level 16.4 Armour
 - Level 11.7 Dodging
 + Level 15.1 Shields
 - Level 17.0 Invocations
 - Level 12.3 Evocations


You had 18 spell levels left.
You didn't know any spells.
Your spell library contained the following spells:

 Spells                   Type           Power      Damage    Failure   Level
 Freeze                   Ice            0%         1d3       99%         1
 Sandblast                Erth           0%         2d4       99%         1
 Shock                    Conj/Air       0%         1d3       99%         1
 Blink                    Tloc           0%         N/A       100%        2
 Ensorcelled Hibernation  Hex/Ice        0%         N/A       100%        2
 Lesser Beckoning         Tloc           0%         N/A       100%        2
 Momentum Strike          Conj/Tloc      0%         3d8       100%        2
 Passwall                 Tmut/Erth      0%         N/A       100%        2
 Call Canine Familiar     Summ           0%         N/A       100%        3
 Frozen Ramparts          Ice            0%         1d1       100%        3
 Gell's Gravitas          Tloc           0%         N/A       100%        3
 Hailstorm                Conj/Ice       0%         3d3       100%        3
 Portal Projectile        Hex/Tloc       0%         N/A       100%        3
 Stone Arrow              Conj/Erth      0%         3d7       100%        3
 Swiftness                Air            0%         N/A       100%        3
 Teleport Other           Tloc           0%         N/A       100%        3
 Tukima's Dance           Hex            0%         N/A       100%        3
 Airstrike                Air            0%         2d(0-16)  100%        4
 Anguish                  Hex/Necr       0%         N/A       100%        4
 Animate Armour           Summ/Erth      0%         N/A       100%        4
 Cause Fear               Hex            0%         N/A       100%        4
 Leda's Liquefaction      Hex/Erth       0%         N/A       100%        4
 Passage of Golubria      Tloc           0%         N/A       100%        4
 Yara's Violent Unravell  Hex/Tmut       0%         3d3       100%        5
 Enfeeble                 Hex            0%         N/A       100%        7
 Lehudib's Crystal Spear  Conj/Erth      0%         10d2      100%        8


Dungeon Overview and Level Annotations

Branches:
Dungeon (15/15)            Temple (1/1) D:4            Lair (5/5) D:9
  Swamp (4/4) Lair:2        Snake (2/4) Lair:2        Slime (0/5) Lair:5
    Orc (2/2) D:10            Elf (3/3) Orc:2        Vaults (0/5) D:13
 Depths (2/4) D:15        Ossuary (visited)

Altars:
Ashenzari
Dithmenos
Fedhas
Gozag
Hepliaklqana
Makhleb
Okawaru
Ru
Trog
Vehumet
Wu Jian
Zin
Jiyva

Shops:
D:10 *   Orc:1 *   Orc:2 *([=?   Elf:2 [

Portals:
Hell: Depths:1 Depths:2
Abyss: Depths:1
Pandemonium: Depths:1

Annotations:
Snake:2 Nikola, Vashnia
Elf:2 3 runed translucent doors
Depths:1 1 runed translucent door


Message History

You slice the spark wasp!! The spark wasp stings you!
The spark wasp shocks you. You resist. You block the doom hound's attack.
The doom hound claws you!
You closely miss the doom hound.
The doom hound is moderately wounded.
You hit the spark wasp. You slash the spark wasp!
You block the spark wasp's attack. x2; The doom hound misses you.
The doom hound claws you but does no damage.
Unknown command.
Okay, then.
You rampage towards the fire dragon!
The spark wasp stings you but does no damage.
You rampage towards the tengu reaver!
The fire dragon attacks as you move away!
You block the fire dragon's attack.
The fire dragon claws you but does no damage.
You block the fire dragon's attack.
The stone giant throws a large rock.
The large rock barely misses you. The fire dragon breathes flames at you.
The blast of flame hits you! You resist. The tengu reaver casts a spell at you.
The bolt of poison hits you!!
You are poisoned.
* * * LOW HITPOINT WARNING * * *
Okay, then.
Okay, then.
Blink to where?
Press: ? - help, Dir - move target
As you read the scroll of blinking, it crumbles to dust.
You feel very sick.
A juggernaut zombie comes into view.
The tengu reaver casts a spell at you. The bolt of negative energy hits you!!
You feel drained.
* * * LOW HITPOINT WARNING * * *
Blink to where?
Press: ? - help, Dir - move target A shining eye, 2 sun demons, a hellion and an eye of devastation come into view.
Found a gateway to Hell.
As you read the scroll of blinking, it crumbles to dust.
You die...

.. ≈ §≈ ###3 §§§
§##.§.##G ≈ §≈##§.G3≈..#
≈≈§##....≈§§3..
#......§≈≈... ......≈
#....@.......
.Z......###...........2
............##..........
..............##....3..#
................##...##.
....Q.............###..
.................. ...
.........§......... ..
.........D..........


You could see an eye of devastation (wandering), 4 sun demons and a hellion
(wandering).

Vanquished Creatures
  A juggernaut (Depths:1)
  Sojobo (Depths:1)
  Bai Suzhen (Swamp:4)
  A doom hound (Depths:2)
  An iron giant (D:15)
  Jorgrun (D:13)
  A walking crystal tome (Depths:1)
  Grunn (Depths:1)
  A lich (Depths:1)
  Asterion (Snake:1)
  A thorn hunter (Swamp:4)
  A fenstrider witch (Swamp:2)
  2 nagarajas (Depths:1)
  A fire giant (Depths:1)
  A deep elf sorcerer (Elf:2)
  2 frost giants (Depths:1)
  4 ghouls
  A draconian annihilator (Depths:1)
  Aizul (Snake:1)
  Louise (D:14)
  A stone giant (Depths:1)
  A deep elf annihilator (Depths:1)
  A vampire knight (Depths:1)
  A spark wasp (Depths:1)
  3 bunyips
  The ghost of auo the Arsonist, a journeyman DrFE of Gozag (Lair:1)
  3 fire dragons
  Snorg (D:11)
  2 ettins (Depths:1)
  A deep elf high priest (Elf:2)
  The ghost of Jingleheimer the Martial Artist, a journeyman OpTm of Gozag (Lair:2)
  A shambling mangrove (Swamp:4)
  An ogre mage (D:15)
  26 hydras
  A hell beast (Depths:1)
  8 vault guards (D:13)
  4 centaur warriors
  6 anacondas (Snake:1)
  11 two-headed ogres
  4 boulder beetles
  11 alligators
  5 deep troll shamans (Depths:1)
  5 naga warriors
  6 death yaks
  21 dancing weapons
  5 tengu warriors
  2 vampire magi
  3 orc high priests
  A shock serpent (Snake:1)
  7 naga sharpshooters
  3 deep troll earth magi
  A spriggan berserker (Depths:1)
  5 sun demons
  Urug (D:12)
  A soul eater (Depths:1)
  5 spriggans
  13 deep elf knights
  A skeletal warrior (D:15)
  A skyshark (Lair:5)
  7 iron trolls
  Amaemon (Lair:2)
  A salamander mystic (Snake:1)
  13 deep trolls
  6 goliath frogs
  11 swamp dragons
  2 wizards (Depths:1)
  5 naga ritualists
  An orc knight (D:14)
  A necromancer (D:15)
  6 spriggan druids
  8 bog bodies
  3 lindwurms
  15 mana vipers
  14 deep elf archers
  33 deep elf zephyrmancers
  8 orc sorcerers
  28 deep elf pyromancers
  7 ugly things
  6 cyclopes
  6 salamanders
  4 manticores
  4 will-o-the-wisps
  A manticore (shapeshifter) (Elf:1)
  Maurice (D:13)
  12 naga magi
  A black mamba (shapeshifter) (Elf:1)
  23 elephants
  A smoke demon (Depths:1)
  A fire giant skeleton (D:15)
  3 guardian serpents
  An eye of devastation (Depths:2)
  Joseph (D:9)
  25 black mambas
  A rust devil (Depths:1)
  An orange demon (Lair:2)
  10 cane toads
  An unseen horror (D:11)
  A spriggan zombie (D:15)
  7 rime drakes
  Maggie (D:6)
  A rime drake (shapeshifter) (D:15)
  9 komodo dragons
  3 kobold demonologists
  A troll (D:9)
  A tengu conjurer (D:13)
  A queen bee (Lair:1)
  A guardian mummy (D:15)
  A meliai (Lair:1)
  3 polar bears
  8 tyrant leeches
  6 hornets
  10 blink frogs
  2 spriggan skeletons (D:15)
  6 slime creatures
  Sigmund (D:2)
  A shadow (D:10)
  A wyvern (shapeshifter) (Elf:1)
  A wyvern (Lair:5)
  3 fire elementals
  A wraith (D:13)
  2 air elementals
  2 water elementals
  31 yaks
  3 basilisks
  A steam dragon (Lair:5)
  11 vampire mosquitoes
  16 nagas
  10 swamp worms
  A warg (Orc:1)
  Edmund (D:5)
  3 acid dragons
  A floating eye (shapeshifter) (Elf:1)
  10 water moccasins
  2 hell hounds (Lair:2)
  9 swamp drakes
  22 orc warriors
  An ice beast (D:8)
  4 black bears
  9 wolves
  A boggart (shapeshifter) (Elf:1)
  4 centaurs
  14 ogres
  A wolf (shapeshifter) (Elf:1)
  2 elf zombies (Ossuary)
  14 bullfrogs
  5 kobold brigands
  7 scorpions
  2 earth elementals (Elf:1)
  4 gnoll sergeants
  2 necrophages
  A scorpion (shapeshifter) (Elf:1)
  9 wights
  24 killer bees
  2 electric eels
  A howler monkey (D:10)
  3 centaur zombies (Ossuary)
  A hound (shapeshifter) (Elf:1)
  26 orc priests
  9 hounds
  2 jellies (Lair:5)
  3 human zombies (Ossuary)
  A sleepcap (D:4)
  A gnoll bouda (D:4)
  4 iguanas
  34 orc wizards
  5 hell rats (Lair:2)
  A hound skeleton (D:4)
  2 mummies (Ossuary)
  Robin (D:2)
  25 gnolls
  8 adders
  A river rat (shapeshifter) (Elf:1)
  4 river rats (D:4)
  A shadow imp (D:7)
  A white imp (D:6)
  An ufetubus (D:4)
  3 adder zombies (Ossuary)
  3 worms
  5 dart slugs
  65 orcs
  7 bats
  2 endoplasms
  An endoplasm (shapeshifter) (Elf:1)
  3 giant cockroaches
  21 goblins
  3 hobgoblins
  2 jackals (D:2)
  15 kobolds
  2 quokkas
  4 ball pythons
  A frilled lizard (D:1)
  6 hobgoblin zombies
  15 kobold zombies (Ossuary)
  6 orc zombies (Ossuary)
  7 rats
  A spectral orc (D:12)
1081 creatures vanquished.

Vanquished Creatures (collateral kills)
  A naga (Snake:2)
1 creature vanquished.

Vanquished Creatures (others)
  A salamander (Snake:2)
  3 bloated husks
  A basilisk (Lair:3)
  An orc wizard (Orc:2)
  27 foxfires
  A spectral weapon (D:7)
34 creatures vanquished.

Grand Total: 1116 creatures vanquished

Notes
Turn   | Place    | Note
-------+----------+-------------------------------------------
     0 | D:1      | octoduck the Hill Orc Monk began the quest for the Orb.
     0 | D:1      | Reached XP level 1. HP: 19/19 MP: 1/1
   209 | D:1      | Reached XP level 2. HP: 22/26 MP: 2/2
   357 | D:1      | Reached skill level 1 in Shields
   800 | D:2      | Noticed Sigmund
   935 | D:2      | Noticed Robin
  1117 | D:2      | Reached skill level 5 in Axes
  1117 | D:2      | Reached XP level 3. HP: 31/31 MP: 3/3
  1142 | D:2      | Killed Sigmund
  1143 | D:2      | Reached skill level 6 in Axes
  1143 | D:2      | Reached XP level 4. HP: 18/39 MP: 4/4
  1143 | D:2      | Reached XP level 5. HP: 21/45 MP: 5/5
  1387 | D:2      | Found a faded altar of an unknown god.
  1391 | D:2      | Prayed at the altar of an unknown god.
  1391 | D:2      | Became a worshipper of Zin the Law-Giver
  1391 | D:2      | Reached * piety under Zin
  1391 | D:2      | Reached ** piety under Zin
  1391 | D:2      | Reached *** piety under Zin
  1534 | D:2      | Reached XP level 6. HP: 51/51 MP: 6/6
  1586 | D:2      | Killed Robin
  1597 | D:2      | Reached skill level 7 in Axes
  1968 | D:2      | Identified a scroll of acquirement
  1968 | D:2      | Acquired 737 gold pieces
  1969 | D:2      | Reached **** piety under Zin
  2002 | D:3      | Reached ***** piety under Zin
  2102 | D:3      | You fall into a shaft and drop 2 floors!
  2102 | D:5      | Entered Level 5 of the Dungeon
  2152 | D:5      | Zin protects you from harm!
  2154 | D:5      | Zin protects you from harm!
  2154 | D:5      | HP: 2/51 [gnoll sergeant/+1 trident of flaming (4)]
  2430 | D:5      | Noticed Edmund
  2568 | D:4      | Found a staircase to the Ecumenical Temple.
  2576 | Temple   | Entered the Ecumenical Temple
  2801 | D:4      | Reached skill level 8 in Axes
  2801 | D:4      | Reached XP level 7. HP: 42/57 MP: 7/7
  2930 | D:4      | Found a burning altar of Makhleb.
  2954 | D:4      | Reached skill level 9 in Axes
  3697 | D:3      | Reached skill level 10 in Axes
  3736 | D:3      | Found an ornate altar of the Wu Jian Council.
  3966 | D:3      | Acquired a manual of Dodging
  3968 | D:3      | Acquired a manual of Axes
  4626 | D:5      | Reached XP level 8. HP: 61/64 MP: 8/8
  4752 | D:5      | Reached skill level 11 in Axes
  5391 | D:5      | Reached skill level 12 in Axes
  5391 | D:5      | Reached skill level 5 in Dodging
  5680 | D:5      | Killed Edmund
  5901 | D:5      | Found an iron altar of Okawaru.
  6233 | D:6      | Found an opulent altar of Gozag.
  6233 | D:6      | Found a broken altar of Ashenzari.
  6302 | D:6      | Reached skill level 13 in Axes
  6389 | D:6      | Reached XP level 9. HP: 58/70 MP: 9/9
  6412 | D:6      | Found a sand-covered staircase.
  6470 | Ossuary  | Entered an ossuary
  6623 | Ossuary  | Reached ****** piety under Zin
  6626 | Ossuary  | Reached skill level 14 in Axes
  7003 | D:6      | Reached skill level 15 in Axes
  7667 | D:6      | Noticed Maggie
  7820 | D:7      | Reached skill level 1 in Invocations
  7919 | D:7      | Found a shadowy altar of Dithmenos.
  7979 | D:7      | Reached skill level 1 in Armour
  8563 | D:7      | Reached XP level 10. HP: 80/80 MP: 13/13
  8714 | D:8      | Found a sacrificial altar of Ru.
  8960 | D:8      | Reached skill level 5 in Fighting
  8960 | D:8      | Reached skill level 5 in Invocations
  9334 | D:8      | Noticed a centaur warrior
  9356 | D:8      | Killed a centaur warrior
  9644 | D:9      | Reached skill level 16 in Axes
  9682 | D:9      | Noticed Joseph
  9788 | D:9      | Noticed a two-headed ogre
  9798 | D:9      | Killed a two-headed ogre
  9855 | D:9      | Reached skill level 5 in Armour
  9880 | D:9      | Reached skill level 17 in Axes
  9904 | D:8      | Reached XP level 11. HP: 17/88 MP: 18/18
 10141 | D:9      | Found a staircase to the Lair.
 10198 | D:9      | Found a bloodstained altar of Trog.
 10289 | D:9      | Killed Joseph
 10290 | D:9      | Reached skill level 10 in Invocations
 11047 | D:10     | Entered Level 10 of the Dungeon
 11178 | D:10     | Found a blossoming altar of Fedhas.
 11292 | D:10     | Found a staircase to the Orcish Mines.
 11717 | D:10     | Reached skill level 18 in Axes
 12054 | D:10     | Found Zeexaf's General Store.
 12062 | D:10     | Bought a scroll of identify for 26 gold pieces
 12476 | D:11     | Found Cuttecof's Armour Emporium.
 12478 | D:11     | Noticed a two-headed ogre
 12488 | D:11     | Killed a two-headed ogre
 12848 | D:11     | Noticed Snorg
 12858 | D:11     | Killed Snorg
 13697 | Lair:1   | Entered Level 1 of the Lair of Beasts
 13984 | Lair:1   | Found a transporter.
 13986 | Lair:1   | Found a transporter.
 13986 | Lair:1   | Noticed auo's ghost (journeyman DrFE)
 14117 | Lair:1   | Reached XP level 12. HP: 73/97 MP: 21/21
 14624 | Lair:2   | Noticed Amaemon
 14630 | Lair:2   | Killed Amaemon
 14631 | Lair:2   | Reached skill level 19 in Axes
 14676 | Lair:2   | Noticed a four-headed hydra
 14844 | Lair:2   | Found a staircase to the Swamp.
 15673 | Lair:2   | Killed a four-headed hydra
 15674 | Lair:2   | Reached skill level 20 in Axes
 16320 | Lair:2   | Found a staircase to the Snake Pit.
 16474 | Lair:2   | Found a runed translucent door.
 16474 | Lair:2   | Noticed a death yak
 16474 | Lair:2   | Noticed Jingleheimer's ghost (journeyman OpTm)
 16807 | Lair:2   | Reached XP level 13. HP: 62/111 MP: 23/23
 17365 | Lair:2   | Killed Jingleheimer's ghost
 17924 | Lair:3   | Reached skill level 10 in Fighting
 17955 | Lair:3   | Reached skill level 10 in Dodging
 18820 | Lair:3   | Identified the +3 mace of Xada {freeze, *Noise rN+ Will+}
 19323 | Lair:4   | Reached skill level 1 in Evocations
 19998 | Lair:5   | Entered Level 5 of the Lair of Beasts
 20033 | Lair:5   | Found a viscous altar of Jiyva.
 20033 | Lair:5   | Found a staircase to the Slime Pits.
 20141 | Lair:5   | Reached skill level 15 in Invocations
 20783 | Lair:5   | Reached skill level 5 in Evocations
 20809 | Lair:5   | Reached XP level 14. HP: 102/124 MP: 25/25
 22542 | D:12     | Identified the +2 hand axe "Beastslayer" {spect, *Slow
                  | Str+5}
 23159 | D:12     | Noticed Urug
 23187 | D:12     | Killed Urug
 23457 | D:12     | Found a hazy altar of Hepliaklqana.
 23934 | D:13     | Noticed Jorgrun
 23957 | D:13     | Killed Jorgrun
 24947 | D:13     | Reached XP level 15. HP: 65/117 MP: 25/27
 25213 | D:13     | Noticed Maurice
 25215 | D:13     | Killed Maurice
 25317 | D:13     | Found a gate to the Vaults.
 25468 | D:14     | Identified the +9 plate armour "New Mosm" {rElec Stlth+}
 25858 | D:14     | Reached skill level 10 in Evocations
 26003 | D:14     | Found a sacrificial altar of Ru.
 26096 | D:14     | Noticed Louise
 26110 | D:14     | Killed Louise
 26111 | D:14     | Reached skill level 10 in Armour
 26482 | D:15     | Entered Level 15 of the Dungeon
 26826 | D:15     | Found a staircase to the Depths.
 28735 | Swamp:1  | Entered Level 1 of the Swamp
 30330 | Swamp:2  | Noticed a fenstrider witch
 30364 | Swamp:2  | Killed a fenstrider witch
 30667 | Swamp:2  | Reached XP level 16. HP: 134/144 MP: 28/28
 30704 | Swamp:2  | Identified the +8 dagger of the Unseen Realm {elec, Int+4}
 31844 | Orc:1    | Entered Level 1 of the Orcish Mines
 32127 | Orc:2    | Entered Level 2 of the Orcish Mines
 32179 | Orc:2    | Found Vakibb's Magic Scroll Shoppe.
 32458 | Orc:1    | Found Weheez's Mass Market.
 32777 | Orc:2    | Found a staircase to the Elven Halls.
 33856 | Orc:2    | Found Conkenub's Jewellery Emporium.
 33859 | Orc:2    | Found Dihir's Antique Weapon Shoppe.
 33861 | Orc:2    | Found Wieduipn's Assorted Antiques.
 33864 | Orc:2    | Found Pebo's Antique Armour Emporium.
 33872 | Orc:2    | Bought a runed helmet for 225 gold pieces
 33886 | Orc:2    | Bought a phantom mirror for 1160 gold pieces
 33927 | Orc:2    | Bought an amulet of reflection for 450 gold pieces
 34288 | Swamp:3  | Reached skill level 1 in Ranged Weapons
 35497 | Swamp:4  | Entered Level 4 of the Swamp
 36989 | Swamp:4  | Noticed a thorn hunter
 37016 | Swamp:4  | Killed a thorn hunter
 37017 | Swamp:4  | Reached skill level 5 in Ranged Weapons
 37528 | Swamp:4  | Reached skill level 15 in Fighting
 37643 | Swamp:4  | Reached XP level 17. HP: 132/156 MP: 29/29
 38017 | Swamp:4  | Got a decaying rune of Zot
 38484 | Swamp:4  | Noticed Bai Suzhen
 38504 | Swamp:4  | Killed Bai Suzhen
 39638 | Lair:1   | Killed auo's ghost
 40127 | D:6      | Killed Maggie
 40352 | Depths:1 | Entered Level 1 of the Depths
 40710 | Depths:1 | Noticed a juggernaut
 40736 | Depths:1 | Killed a juggernaut
 40773 | Depths:1 | Noticed a walking crystal tome
 41087 | Depths:1 | Killed a walking crystal tome
 41580 | Depths:1 | Reached skill level 10 in Ranged Weapons
 41584 | Depths:1 | Noticed an iron giant
 42044 | Snake:1  | Entered Level 1 of the Snake Pit
 42057 | Snake:1  | Identified the +2 pair of gloves "Emogg" {Will++ Str-5}
 42320 | Snake:1  | Noticed Asterion
 42325 | Snake:1  | Noticed an Executioner
 42340 | Snake:1  | Killed Asterion
 44356 | Snake:1  | Reached XP level 18. HP: 77/167 MP: 13/30
 45724 | Snake:1  | Reached skill level 15 in Armour
 45820 | Snake:2  | Identified the +0 pair of gloves "Roiwk" {Dex+2 Stlth+}
 45820 | Snake:2  | Noticed Nikola
 46852 | Snake:2  | Noticed Vashnia
 47229 | D:15     | Killed an iron giant
 47416 | Depths:1 | Found a bloodstained altar of Trog.
 48134 | Depths:1 | Found a one-way gate to the infinite horrors of the Abyss.
 48286 | Depths:1 | Noticed a lich
 48300 | Depths:1 | Killed a lich
 48338 | Depths:1 | HP: 2/170 [deep elf annihilator/iron shot (22)]
 49081 | Depths:1 | Found a runed translucent door.
 49083 | Depths:1 | Noticed a lich
 49084 | Depths:1 | Found a radiant altar of Vehumet.
 49084 | Depths:1 | Noticed an ancient lich
 49348 | Depths:1 | Found a one-way gate leading to the halls of Pandemonium.
 49489 | Depths:1 | Found a gateway to Hell.
 49733 | Depths:2 | Noticed Grunn
 49733 | Depths:2 | Noticed a doom hound
 49733 | Depths:2 | Noticed a doom hound
 49951 | Depths:2 | Noticed Sojobo
 50832 | Elf:1    | Entered Level 1 of the Elven Halls
 51578 | Orc:2    | Reached skill level 5 in Shields
 51614 | Elf:1    | Identified the +1 leather armour "Tirejice" {Str+2}
 52086 | Elf:1    | Reached XP level 19. HP: 178/179 MP: 31/31
 52258 | Elf:1    | Paralysed by an air elemental for 1 turns
 52260 | Elf:1    | Paralysed by an air elemental for 1 turns
 52561 | Elf:1    | Reached skill level 10 in Shields
 53511 | Elf:2    | Paralysed by an air elemental for 1 turns
 53705 | Elf:2    | Found Omosy Dar's Armour Shoppe.
 54336 | Elf:2    | Found a runed translucent gate.
 54336 | Elf:2    | Found a runed translucent gate.
 54336 | Elf:2    | Found a runed translucent gate.
 54424 | Elf:3    | Entered Level 3 of the Elven Halls
 54729 | Snake:2  | Noticed Aizul
 54941 | Snake:1  | Killed Aizul
 56450 | Depths:1 | Killed Sojobo
 57417 | Depths:1 | Killed Grunn
 57418 | Depths:1 | Reached skill level 15 in Shields
 57703 | Depths:2 | Killed a doom hound
 57710 | Depths:2 | HP: 3/163 [tengu reaver/bolt of negative energy[Sojobo]
                  | (24)]
 57711 | Depths:2 | Succumbed to a tengu reaver's bolt of poison

Illustrated notes

Levels and vault maps discovered:
D:1:      minmay_arrival_checkered_box, layout_rooms, kennysheep_pointless_box
D:2:      layout_loops_ring, hellmonk_ecumenical_altar_heavens_door, hex_large,
          uniq_robin, uniq_sigmund
D:3:      layout_basic, pdpol_wu_jian_five_deadly_venoms
D:4:      layout_gridville, makhleb_blood_cavern_becter,
          minmay_temple_entry_stoned_glass, lightli_sewer_entry_pipes
D:5:      layout_loops_corners, okawaru_altar_gauntlet_db, moated_statue,
          uniq_edmund
D:6:      layout_layer_cave, gammafunk_temple_overflow_elements,
          enter_ossuary_3, uniq_maggie
D:7:      layout_rooms, mainiacjoe_overflow_catwalk
D:8:      layout_gridville, mainiacjoe_overflow_boulevard
D:9:      layout_roguey, kennysheep_mini, due_lair_maze_entry_diamond,
          enter_bailey_1, corner_web_ring, uniq_joseph
D:10:     layout_stronghold, old_standard_altar, orc_0_dummy, serial_shops,
          shop, minmay_misc_feat_roman, minmay_misc_feat_square,
          grunt_ministairs_1
D:11:     layout_basic, serial_shops, shop, serial_glass, glass_columns_a,
          glass_columns_c, uniq_snorg
D:12:     layout_loops_ring, nicolae_hepliaklqana_monster_ancestors, uniq_urug
D:13:     layout_basic, erik_vaults_2, uniq_maurice, uniq_jorgrun
D:14:     layout_cave_pools, nicolae_ru_sacrificial_ziggurat, uniq_louise
D:15:     gammafunk_depths_entry_grave, layout_loops_ring,
          chequers_serial_rivers_marsh
Temple:   hellmonk_temple_forest_ring
Lair:1:   wander_river, layout_gridlike, gammafunk_ghost_hive,
          nicolae_quartered_pool_little, serial_bayou_shore_b
Lair:2:   layout_loops_ring, skrybe_swamp_entry_bodies,
          nicolae_snake_entry_squirm, ebering_ghost_inner_flame,
          enter_volcano_3, serial_bayou_shore_a, grunt_megastairs_4,
          uniq_amaemon
Lair:3:   layout_regular_city, serial_bayou_pond_c, grunt_megastairs_2,
          infiniplex_staircase_pool, lemuel_fruit_tree
Lair:4:   layout_cave_pods
Lair:5:   guppyfry_lair_end_dragon, layout_hall_layers,
          minmay_slime_entry_pillars
Swamp:1:  layout_falls_marsh, evilmike_swamp_ruin_house_3, swamp_pool1,
          ldierk_geyser, nicolae_swamp_round_clearing,
          nicolae_swamp_stuck_in_the_mud
Swamp:2:  layout_falls_marsh, evilmike_swamp_ruin_house_2
Swamp:3:  layout_basic_swamp, hangedman_swamp_lotus, swamp_pool2,
          hangedman_swamp_diagram
Swamp:4:  swamp_alternative, layout_basic_swamp, swamp_pool5, uniq_bai_suzhen
Snake:1:  layout_basic, st_stairs_13, uniq_asterion
Snake:2:  layout_onion_interference, serial_shops, shop, drop_trap, uniq_aizul,
          uniq_nikola, uniq_vashnia
Orc:1:    layout_caves, minmay_shop_mass
Orc:2:    st_orc_mages, layout_caves, serial_shops, shop,
          statue_in_the_mist_lemuel, nicolae_orc_lava_tube, mines_bat_river
Elf:1:    minmay_the_grid_square_5x5_3x3 [minmay_the_grid_square_5x5_spiral,
          minmay_the_grid_square_5x5_empty, minmay_the_grid_square_5x5_bite,
          minmay_the_grid_square_5x5_mess,
          minmay_the_grid_square_5x5_megaprize_diamond,
          minmay_the_grid_square_5x5_eight, minmay_the_grid_square_5x5_fat_x,
          minmay_the_grid_square_5x5_doubleslash,
          minmay_the_grid_square_5x5_longway], layout_geoelf_octagon,
          hangedman_elven_crosses_minicolossus, nicolae_elf_shapeshifter_party
Elf:2:    elven_hall_of_blades_hangedman_original
          [nicolae_blade_entry_antechamber], layout_onion_city, serial_shops,
          nicolae_shop_real_fake_doors
Elf:3:    elf_hall, layout_gridlike, ebering_ghost_rock_garden
Depths:1: minmay_roctagon, layout_basic, abyss_entry_glasseish, hell_entry,
          trog_three_pillars_becter, rand_demon_pan_entry_1,
          grunt_decor_arrowhead, grunt_absolute_annihilation
Depths:2: gold_lair_mu, layout_cave_shapes, pan_entry, minmay_misc_feat_rugged,
          nicolae_hell_entry_hellmouth_sunbeams, drop_trap, uniq_grunn,
          uniq_sojobo

Skill      XL: |  1  2  3  4  5  6  7  8  9 10 11 12 13 14 15 16 17 18 19 |
---------------+----------------------------------------------------------+-----
Shields        | 1 3 4 8 15 | 15.1
Axes           | 5 6 8 10 13 15 17 18 20 | 20.0
Dodging        | 3 6 8 9 10 11 | 11.7
Invocations    | 4 9 12 13 15 16 17 | 17.0
Armour         | 2 5 7 9 13 14 16 | 16.4
Fighting       | 4 5 6 9 11 13 15 16 18 | 18.2
Evocations     | 5 9 11 12 | 12.3
Ranged Weapons | 5 11 | 11.9

Action                     |  1- 3 |  4- 6 |  7- 9 | 10-12 | 13-15 | 16-18 | 19-21 || total
---------------------------+-------+-------+-------+-------+-------+-------+-------++-------
  Melee: Hand axe          |    88 |   144 |   629 |    50 |       |       |       ||   911
         War axe           |       |       |       |   278 |       |       |       ||   278
         Battleaxe         |       |       |       |   270 |   983 |  1379 |       ||  2632
         Dire flail        |       |       |       |       |    25 |    93 |       ||   118
         Dagger            |       |       |       |       |       |    12 |       ||    12
         Punch             |       |       |       |       |       |     2 |       ||     2
         Labrys            |       |       |       |       |       |   162 |   460 ||   622
   Fire: Sling             |       |       |       |       |       |    24 |       ||    24
  Throw: Dart              |       |       |     1 |     1 |     4 |    14 |     1 ||    21
 Invoke: Recite            |       |     2 |     8 |    13 |    20 |    22 |    10 ||    75
         Vitalisation      |       |     1 |     2 |     3 |     6 |    10 |     2 ||    24
         Imprison          |       |     1 |       |       |       |     2 |       ||     3
         Sanctuary         |       |       |       |       |       |     3 |       ||     3
  Evoke: Wand              |       |     4 |     3 |    11 |    35 |    18 |     2 ||    73
         Lightning rod     |       |       |       |     4 |    10 |     8 |     5 ||    27
         Phial of floods   |       |       |       |       |     1 |     1 |       ||     2
         Phantom mirror    |       |       |       |       |       |     2 |     1 ||     3
    Use: Scroll            |     3 |     5 |     8 |     5 |    15 |     4 |     2 ||    42
         Potion            |       |     4 |     2 |     1 |     2 |     7 |       ||    16
   Stab: Distracted        |       |       |     6 |       |       |       |       ||     6
         Paralysed         |       |       |       |     4 |     5 |    26 |       ||    35
         Confused          |       |       |       |     4 |     5 |    12 |     4 ||    25
         Invisible         |       |       |       |       |       |     3 |     1 ||     4
 Armour: Ring mail         |    22 |    30 |       |       |       |       |       ||    52
         Scale mail        |       |    29 |   141 |    80 |       |       |       ||   250
         Plate armour      |       |       |       |       |   412 |   997 |   214 ||  1623
  Dodge: Dodged            |    44 |    78 |   198 |   326 |   461 |   835 |   113 ||  2055
  Block: Buckler           |     7 |    31 |    93 |    48 |       |       |       ||   179
         Other             |       |       |       |       |       |   269 |       ||   269
         Reflection        |       |       |       |       |       |    18 |    82 ||   100
         Kite shield       |       |       |       |       |       |    71 |   360 ||   431
